 Dungeon Crawl Stone Soup version 0.22.1-1-ga44c0e56f4 (webtiles) character file.

1852 Nixze the Arsonist (level 8, -1/42 HPs)
             Began as a Deep Elf Fire Elementalist on Oct 27, 2018.
             Was a Believer of Sif Muna.
             Slain by a phantom (7 damage)
             ... on level 7 of the Dungeon.
             The game lasted 00:25:51 (8145 turns).

Nixze the Arsonist (Deep Elf Fire Elementalist)     Turns: 8145, Time: 00:25:52

Health: -1/42      AC:  6    Str:  5    XL:     8   Next: 88%
Magic:  10/20      EV: 13    Int: 23    God:    Sif Muna [**....]
Gold:   342        SH:  0    Dex: 15    Spells: 11/21 levels left

rFire    . . .     SeeInvis .   z - +2 Maxwell's thermic engine {flame, freeze}
rCold    . . .     Gourm    .   (no shield)
rNeg     . . .     Faith    .   a - +1 robe
rPois    .         Spirit   .   (no helmet)
rElec    .         Reflect  .   t - +2 cloak
rCorr    .         Harm     .   (no gloves)
MR       .....                  (no boots)
Stlth    ++........             x - amulet of magic regeneration
HPRegen  0.14/turn              (no ring)
MPRegen  0.42/turn              (no ring)

@: no status effects
A: no striking features
a: Divine Energy, Renounce Religion


You were on level 7 of the Dungeon.
You worshipped Sif Muna.
Sif Muna was pleased with you.
You were hungry.

You visited 2 branches of the dungeon, and saw 8 of its levels.
You also visited: Sewer.

You collected 342 gold pieces.

Inventory:

Hand Weapons
 m - a +0 hunting sling
 u - a +3 rapier of speed
 z - the +2 Maxwell's thermic engine (weapon) {flame, freeze}
   (You found it on level 5 of the Dungeon)

   It has been specially enchanted to burn those struck by it, causing extra
   injury to most foes and up to half again as much damage against particularly
   susceptible opponents.
   Big, fiery blades are also staple armaments of hydra-hunters.
Missiles
 b - 286 stones (quivered)
 j - 37 sling bullets
Armour
 a - a +1 robe (worn)
 r - a +0 shield
 t - a +2 cloak (worn)
Jewellery
 x - an amulet of magic regeneration (around neck)
 C - an uncursed ring of positive energy {unknown}
Wands
 q - a wand of acid (10)
 w - a wand of polymorph (16)
Scrolls
 d - a scroll of blinking
 e - 4 scrolls of identify
 f - a scroll of enchant armour
 k - 2 scrolls of magic mapping
 l - 2 scrolls of remove curse
 n - a scroll of noise {unknown}
 p - 3 scrolls of teleportation
 y - a scroll of immolation {unknown}
 B - a scroll of amnesia
Potions
 g - a potion of agility
 h - a potion of resistance
 i - 5 potions of flight
 o - a potion of invisibility
 s - a potion of brilliance {unknown}
 v - a potion of curing
 A - a potion of mutation {unknown}
Comestibles
 c - 20 rations


   Skills:
 * Level 0.6 Fighting
 - Level 2.4 Dodging
 - Level 2.4 Stealth
 + Level 7.1 Spellcasting
 + Level 6.2 Conjurations
 + Level 10.0 Fire Magic


You had 11 spell levels left.
You knew the following spells:

 Your Spells              Type           Power        Failure   Level  Hunger
a - Flame Tongue          Conj/Fire      #####        1%          1    None
b - Throw Flame           Conj/Fire      #####.       1%          2    None
c - Conjure Flame         Conj/Fire      #####...     1%          3    None
d - Sticky Flame          Conj/Fire      #####...     2%          4    ###....

Your spell library contained the following spells:

 Spells                   Type           Power        Failure   Level  Hunger
 Inner Flame              Hex/Fire       ####....     3%          3    None
 Fireball                 Conj/Fire      #####.....   8%          5    #####..


Dungeon Overview and Level Annotations

Branches:
Dungeon (7/15)             Temple (1/1) D:4

Altars:
Ashenzari
Dithmenos
Elyvilon
Fedhas
Kikubaaqudgha
Nemelex Xobeh
Okawaru
Qazlal
Ru
Sif Muna
Uskayaw
Vehumet
Wu Jian
Yredelemnul
The Shining One

Annotations:
D:7 1 transporter


Message History

Casting: Flame Tongue (safe; 1% risk of failure)
Confirm with . or Enter, or press ? or * to list all spells.
Aiming: Flame Tongue (safe; 1% risk of failure)
Press: ? - help, Shift-Dir - straight line, f/p - necrophage
Aim: a necrophage (almost destroyed)
The flame tongue hits the necrophage.
The necrophage appears unharmed.
The necrophage is almost destroyed.
The phantom hits you.
* * * LOW HITPOINT WARNING * * *
The necrophage misses you.
Casting: Flame Tongue (safe; 1% risk of failure)
Confirm with . or Enter, or press ? or * to list all spells.
Aiming: Flame Tongue (safe; 1% risk of failure)
Press: ? - help, Shift-Dir - straight line, f/p - necrophage
Aim: a necrophage (almost destroyed)
The flame tongue hits the necrophage.
You destroy the necrophage!
Sif Muna accepts your kill. The phantom hits you!
You die...

....................###
.#............©.......#
###.....#############.#
##....#.:$_$⌠[_$!©#.#
###..#...........#.#
##.#..##...##z.#.#
#.#..#8.[.8#..#.#
#.#..##...##..#.#######
#.#.....©(@z..#.#.....#
.#..##..W##..#.#......
.#..#8...8#..#........
.#..##...##..#........
.#.W.........#........
.#...........#...#####
.#############)...#
.......©......)#..#
######.............#


You could see a phantom and a wight.

Vanquished Creatures
  A spriggan (D:7)
  Eustachio (D:4)
  Menkaure (D:7)
  2 sky beasts
  A necrophage (D:7)
  2 ogres
  A centaur (D:6)
  A scorpion (D:4)
  2 crimson imps
  A centaur skeleton (D:6)
  A quasit (D:5)
  3 hounds
  A jelly (D:5)
  4 orc priests
  3 orc wizards
  2 bullfrog skeletons (D:4)
  2 iguanas
  A worker ant (D:4)
  A killer bee zombie (D:7)
  A hound skeleton (D:4)
  A hound zombie (D:6)
  A worker ant zombie (D:7)
  A howler monkey zombie (D:5)
  7 adders
  A river rat (D:3)
  A shadow imp (D:7)
  4 worms
  2 dart slugs
  8 leopard geckos
  18 orcs
  2 ball pythons (Sewer)
  13 bats
  9 giant cockroaches
  5 goblins
  8 hobgoblins
  13 jackals
  7 kobolds
  2 quokkas
  A ball python skeleton (D:4)
  5 frilled lizards
  9 rats
150 creatures vanquished.

Notes
Turn   | Place    | Note
-------+----------+-------------------------------------------
     0 | D:1      | Nixze the Deep Elf Fire Elementalist began the quest for
                  | the Orb.
     0 | D:1      | Reached XP level 1. HP: 10/10 MP: 6/6
   203 | D:1      | Reached XP level 2. HP: 15/15 MP: 6/8
   213 | D:1      | Reached skill level 4 in Fire Magic
   642 | D:1      | Learned a level 2 spell: Throw Flame
   651 | D:1      | Reached XP level 3. HP: 19/19 MP: 7/9
  1060 | D:2      | Found a faded altar of an unknown god.
  1098 | D:2      | Reached skill level 5 in Fire Magic
  1788 | D:2      | Learned a level 3 spell: Conjure Flame
  1818 | D:2      | Reached XP level 4. HP: 17/24 MP: 0/10
  2662 | D:3      | Found an iron altar of Okawaru.
  2708 | D:3      | Reached skill level 6 in Fire Magic
  2986 | D:3      | Found a glowing drain.
  2995 | Sewer    | Entered a sewer
  3002 | Sewer    | Reached XP level 5. HP: 10/28 MP: 2/11
  3664 | D:3      | Found a shattered altar of Ashenzari.
  4180 | D:4      | Noticed Eustachio
  4545 | D:4      | Noticed an ogre
  4556 | D:4      | Killed an ogre
  4556 | D:4      | Reached skill level 7 in Fire Magic
  4556 | D:4      | Reached XP level 6. HP: 32/32 MP: 0/12
  5052 | D:4      | Killed Eustachio
  5052 | D:4      | Reached skill level 8 in Fire Magic
  5307 | D:4      | Reached XP level 7. HP: 33/36 MP: 7/13
  5359 | D:4      | Reached skill level 9 in Fire Magic
  5698 | D:4      | Found a staircase to the Ecumenical Temple.
  5706 | Temple   | Entered the Ecumenical Temple
  5818 | Temple   | Became a worshipper of Sif Muna the Loreminder
  5854 | D:5      | Entered Level 5 of the Dungeon
  5972 | D:5      | Found the +2 Maxwell's thermic engine {flame, freeze}
  6359 | D:5      | Found a stormy altar of Qazlal.
  6827 | D:6      | Reached * piety under Sif Muna
  6956 | D:6      | Reached skill level 10 in Fire Magic
  6956 | D:6      | Reached XP level 8. HP: 10/41 MP: 13/16
  7232 | D:6      | Reached skill level 5 in Spellcasting
  7355 | D:6      | Found a sacrificial altar of Ru.
  7821 | D:7      | Learned a level 4 spell: Sticky Flame
  7862 | D:7      | Found a radiant altar of Vehumet.
  7991 | D:7      | Reached ** piety under Sif Muna
  7991 | D:7      | Reached skill level 5 in Conjurations
  8058 | D:7      | Found a basalt altar of Yredelemnul.
  8065 | D:7      | Noticed Menkaure
  8072 | D:7      | Found an ancient bone altar of Kikubaaqudgha.
  8075 | D:7      | Found a transporter.
  8090 | D:7      | Found a transporter.
  8133 | D:7      | Killed Menkaure
  8145 | D:7      | Slain by a phantom

Skill      XL: |  1  2  3  4  5  6  7  8 |
---------------+-------------------------+-----
Fire Magic     | 4 5 6 7 8 10 | 10.0
Conjurations   | 3 6 |  6.2
Spellcasting   | 4 7 |  7.1
Fighting       | |  0.6
Dodging        | |  2.4
Stealth        | |  2.4

Action                   |  1- 3 |  4- 6 |  7- 9 || total
-------------------------+-------+-------+-------++-------
Melee: Double sword      |       |       |    30 ||    30
 Fire: Hunting sling     |    19 |    84 |     3 ||   106
Throw: Stone             |    46 |       |    56 ||   102
 Cast: Flame Tongue      |    76 |   105 |   130 ||   311
       Throw Flame       |     1 |     5 |     1 ||     7
       Conjure Flame     |       |     7 |     8 ||    15
  Use: Potion            |     1 |       |     1 ||     2
       Scroll            |       |     7 |     6 ||    13
  Eat: Chunk             |     3 |     7 |     6 ||    16
       Ration            |       |     1 |     1 ||     2
Armor: Robe              |     1 |    21 |    33 ||    55
Dodge: Dodged            |    22 |    59 |    55 ||   136
       Rpst.: Double sword |       |       |    11 ||    11
